 Dungeon Crawl Stone Soup version 0.21.1-1-g345015fe64 (webtiles) character file.

649 Peloso the Shield-Bearer (level 7, -11/60 HPs)
             Began as a Minotaur Fighter on May 26, 2018.
             Mangled by an ice beast (19 damage)
             ... summoned by kajmaj's ghost
             ... on level 6 of the Dungeon.
             The game lasted 00:08:00 (4250 turns).

Peloso the Shield-Bearer (Minotaur Fighter)         Turns: 4250, Time: 00:08:01

Health: -11/60     AC: 12    Str: 21    XL:     7   Next: 28%
Magic:  6/6        EV:  8    Int:  5    God:
Gold:   298        SH: 11    Dex: 11    Spells: 6/6 levels left

rFire    + . .     SeeInvis .   a - +1 long sword
rCold    x . .     Gourm    .   c - +1 shield
rNeg     . . .     Faith    .   b - +0 scale mail
rPois    .         Spirit   .   (helmet restricted)
rElec    .         Reflect  .   j - +0 cloak
rCorr    .         Harm     .   n - +0 pair of gloves {archery}
MR       .....                  (no boots)
Stlth    ..........             (no amulet)
HPRegen  0.20/turn              w - ring of fire
MPRegen  0.10/turn              h - +2 ring of protection

@: no status effects
A: retaliatory headbutt, horns 2
a: no special abilities


You were on level 6 of the Dungeon.
You were not hungry.

You visited 1 branch of the dungeon, and saw 6 of its levels.

You collected 298 gold pieces.

Inventory:

Hand Weapons
 a - a +1 long sword (weapon)
Missiles
 m - 56 bolts
Armour
 b - a +0 scale mail (worn)
 c - a +1 shield (worn)
 j - a +0 cloak (worn)
 n - a +0 pair of gloves of archery (worn)
Jewellery
 h - a +2 ring of protection (right hand)
 p - an uncursed ring of wizardry {unknown}
 w - a ring of fire (left hand)
Wands
 y - a wand of flame (19)
Scrolls
 e - 6 scrolls of identify
 o - a scroll of enchant weapon
 q - 2 scrolls of acquirement {unknown}
 r - 2 scrolls of remove curse
 s - a scroll of amnesia {unknown}
 t - 3 scrolls of teleportation {unknown}
 A - a scroll of magic mapping {unknown}
Potions
 d - 2 potions of might
 g - 2 potions of cancellation
 i - 3 potions of heal wounds
 k - 2 potions of brilliance {unknown}
 l - 2 potions of degeneration {unknown}
 u - 2 potions of mutation {unknown}
 v - a potion of curing {unknown}
 x - a potion of flight {unknown}
 z - 3 potions of lignification {unknown}
Comestibles
 f - 8 rations
 B - 2 chunks of flesh


   Skills:
 + Level 4.8 Fighting
 + Level 5.5 Long Blades
 + Level 5.9 Armour
 + Level 1.3 Dodging
 + Level 6.4 Shields


You had 6 spell levels left.
You didn't know any spells.

Dungeon Overview and Level Annotations

Branches:
Dungeon (6/15)
 Temple: D:4-7

Altars:
Cheibriados
Trog
The Shining One

Shops:
D:5 :

Annotations:
D:6 kajmaj's ghost, novice DESu


Innate Abilities, Weirdness & Mutations

You reflexively headbutt those who attack you in melee.
You have a pair of horns on your head.


Message History

The ice beast hits you. The ice beast freezes you!
You feel a terrible chill!
You closely miss kajmaj's ghost.
Kajmaj's ghost is almost destroyed.
You block the ice beast's attack. You block the iron imp's attack.
The ice beast hits you but does no damage.
Kajmaj's ghost hits you but does no damage.
The ice beast hits you but does no damage.
Unknown command.
You hit kajmaj's ghost but do no damage.
Kajmaj's ghost is almost destroyed.
You block the ice beast's attack.
The iron imp hits you but does no damage.
The ice beast hits you. The ice beast freezes you!!
You feel a terrible chill!
* * * LOW HITPOINT WARNING * * *
Kajmaj's ghost hits you but does no damage.
You block the ice beast's attack. The ice beast barely misses you.
The ice beast hits you.
* * * LOW HITPOINT WARNING * * *
The ice beast freezes you!!
You feel a terrible chill!
You die...

...#......
....#.#...
.......(.# ##
#..#.....##..##
.............#
#..#..#..##...#
#. #..........#
#..#..YY#.......
.....5Y@#.....##
#..#..W5..###.[#
..........+ ..
...##.....# #
..........#
.#..#.#...#
≈.^..≈^...#
#^(..^##..#
##^..^ ..#


You could see 3 ice beasts, an iron imp, kajmaj's ghost and a shadow imp.

Vanquished Creatures
  An eye of draining (D:4)
  A black bear (D:6)
  A centaur (D:4)
  A bullfrog zombie (D:5)
  An orc priest (D:5)
  A hound (D:2)
  Crazy Yiuf (D:4)
  An orc wizard (D:5)
  A worker ant (D:5)
  A killer bee zombie (D:6)
  Robin (D:4)
  4 gnolls
  A howler monkey skeleton (D:5)
  3 adders
  An ooze (D:4)
  3 worms
  5 dart slugs
  A leopard gecko (D:5)
  6 orcs
  6 giant cockroaches
  6 hobgoblins
  4 jackals
  4 quokkas
  5 bats
  4 frilled lizards
  18 goblins
  11 kobolds
  A leopard gecko zombie (D:6)
  5 rats
99 creatures vanquished.

Notes
Turn   | Place    | Note
-------+----------+-------------------------------------------
     0 | D:1      | Peloso the Minotaur Fighter began the quest for the Orb.
     0 | D:1      | Reached XP level 1. HP: 19/19 MP: 0/0
   130 | D:1      | Reached XP level 2. HP: 27/27 MP: 1/1
   245 | D:1      | Reached skill level 4 in Shields
   413 | D:1      | You fall through a shaft!
   416 | D:2      | Reached XP level 3. HP: 26/33 MP: 2/2
  1173 | D:2      | Reached XP level 4. HP: 35/40 MP: 3/3
  1434 | D:3      | You fall through a shaft for 3 floors!
  1451 | D:6      | Reached skill level 5 in Shields
  1639 | D:6      | Noticed kajmaj's ghost (novice DESu)
  1662 | D:5      | Entered Level 5 of the Dungeon
  1733 | D:5      | Found a bloodstained altar of Trog.
  1973 | D:3      | Found a glowing golden altar of the Shining One.
  2618 | D:4      | Noticed Robin
  2637 | D:4      | Reached XP level 5. HP: 43/46 MP: 4/4
  2653 | D:4      | Killed Robin
  2947 | D:4      | Found a snail-covered altar of Cheibriados.
  2979 | D:4      | Noticed an eye of draining
  2982 | D:4      | Noticed a centaur
  2984 | D:4      | Killed an eye of draining
  2990 | D:4      | Killed a centaur
  2990 | D:4      | Reached skill level 5 in Armour
  2990 | D:4      | Reached skill level 6 in Shields
  2990 | D:4      | Reached XP level 6. HP: 36/53 MP: 2/5
  3252 | D:4      | Reached skill level 1 in Dodging
  3575 | D:4      | Found a runed door.
  3619 | D:4      | Noticed Crazy Yiuf
  3623 | D:4      | Killed Crazy Yiuf
  3728 | D:5      | Reached skill level 5 in Long Blades
  3904 | D:5      | Found Haakkol's Book Shop.
  4100 | D:6      | Reached XP level 7. HP: 59/60 MP: 6/6
  4250 | D:6      | Mangled by an ice beast

Skill      XL: |  1  2  3  4  5  6 |
---------------+-------------------+-----
Fighting       | 4 |  4.8
Armour         | 4 5 |  5.9
Shields        | 4 5 6 |  6.4
Long Blades    | 3 4 5 |  5.5
Dodging        | 1 |  1.3

Action                   |  1- 3 |  4- 6 |  7- 9 || total
-------------------------+-------+-------+-------++-------
Melee: Long sword        |   104 |   155 |    20 ||   279
       Headbutt          |    16 |    35 |     4 ||    55
  Use: Scroll            |     5 |     1 |       ||     6
  Eat: Chunk             |       |     6 |     2 ||     8
       Ration            |       |     1 |       ||     1
Armor: Scale mail        |    49 |    73 |    23 ||   145
Dodge: Dodged            |    34 |    46 |    12 ||    92
Block: Shield            |    61 |    95 |    18 ||   174
       Rpst.: Long sword |     8 |    15 |     5 ||    28
